 Dungeon Crawl Stone Soup version 0.30-a0-1160-g6e42c06 (webtiles) character file.

Game seed: 12422757043526359673

2289 Dorkslayer the Chopper (level 9, -2/54 HPs)
             Began as a Gargoyle Fighter on Apr 25, 2023.
             Killed by divine providence
             ... invoked by an orc priest
              (15 damage)
             ... on level 6 of the Dungeon.
             The game lasted 00:12:17 (5117 turns).

Dorkslayer the Chopper (Gargoyle Fighter)           Turns: 5117, Time: 00:12:17

Health: -2/54      AC: 21    Str: 20    XL:     9   Next: 39%
Magic:  9/9        EV:  6    Int:  9    God:
Gold:   204        SH:  5    Dex: 13    Spells: 8/8 levels left

rFire   . . .        a - +0 war axe
rCold   . . .        c - +0 buckler
rNeg    + . .        k - +0 plate armour
rPois   ∞            o - +0 helmet
rElec   +            s - +0 cloak
rCorr   .            (no gloves)
SInv    .            (no boots)
Will    .....        (no amulet) Stlth
                     (no ring)
HPRegen 0.29/turn    (no ring)
MPRegen 0.11/turn

%: no passive effects
@: no status effects
A: sickness immunity, AC +6, negative energy resistance 1, electricity
resistance, torment resistance 1, petrification resistance
a: no special abilities


You were on level 6 of the Dungeon.
You visited 1 branch of the dungeon, and saw 6 of its levels.

You collected 204 gold pieces.

Inventory:

Hand Weapons
 a - a +0 war axe (weapon)
 n - a +0 flail of holy wrath
Missiles
 r - 6 boomerangs (quivered)
Armour
 c - a +0 buckler (worn)
 k - a +0 plate armour (worn)
 o - a +0 helmet (worn)
 s - a +0 cloak (worn)
Jewellery
 g - an amulet of faith
Wands
 j - a wand of flame (11)
 q - a wand of digging (4)
 t - a wand of paralysis (6)
 v - a wand of mindburst (3)
Scrolls
 e - 2 scrolls of teleportation {unknown}
 i - 3 scrolls of enchant weapon {unknown}
 l - a scroll of fear
 u - a scroll of fog
Potions
 b - a potion of resistance {unknown}
 d - 2 potions of curing
 f - a potion of haste
 h - 2 potions of invisibility {unknown}
 m - 3 potions of lignification
 p - a potion of brilliance {unknown}


   Skills:
 + Level 5.5 Fighting
 + Level 7.2 Axes
 + Level 6.1 Armour
 + Level 2.5 Dodging
 + Level 3.5 Stealth
 + Level 4.8 Shields
 * Level 3.7 Evocations


You had 8 spell levels left.
You didn't know any spells.
Your spell library contained the following spells:

 Spells                   Type           Power      Damage    Failure   Level
 Beastly Appendage        Tmut           0%         N/A       100%        1
 Shock                    Conj/Air       0%         1d3       100%        1
 Wereblood                Tmut           0%         N/A       100%        2
 Spider Form              Tmut/Pois      0%         N/A       100%        3
 Swiftness                Air            0%         N/A       100%        3
 Airstrike                Air            0%         2d(0-16)  100%        4


Dungeon Overview and Level Annotations

Branches:
Dungeon (6/15)
 Temple: D:4-7

Altars:
Cheibriados
Nemelex Xobeh
Trog
Uskayaw

Annotations:
D:3 2 transporters, Dorkslayer's ghost, amateur GrFi


Innate Abilities, Weirdness & Mutations

You are immune to sickness and miasma.
Your stone body is resilient. (AC +6)
You are immune to poison.
You resist negative energy. (rN+)
You are resistant to electric shocks. (rElec)
You are resistant to unholy torment.
You are immune to petrification.


Message History

The orc priest mumbles some strange prayers to Beogh against you.
Beogh smites you!
Found an escape hatch in the ceiling.
An orc warrior comes into view. It is wielding a +0 battleaxe.
The orc warrior shouts!
An orc comes into view. It is wielding a +0 mace.
The orc priest looks satisfied for a moment.
You hit the orc priest.
The orc priest is lightly wounded.
You hit the orc. The orc hits you but does no damage.
The orc priest mumbles some strange prayers to Beogh against you.
Beogh smites you!
You barely miss the orc priest.
The orc priest is lightly wounded.
You hit the orc. You block the orc priest's attack. The orc closely misses you.
You hit the orc priest.
The orc priest is moderately wounded.
You barely miss the orc. The orc hits you but does no damage.
The orc priest mumbles some strange prayers to Beogh against you.
Pain shoots through your body!
You closely miss the orc priest.
The orc priest is moderately wounded.
You slash the orc!
You kill the orc!
The orc priest hits you but does no damage.
You closely miss the orc priest.
The orc priest is moderately wounded.
The orc warrior unwields a +0 battleaxe.
The orc warrior wields a +0 arbalest.
The orc warrior shoots a bolt.
The bolt hits you!
* * * LOW HITPOINT WARNING * * *
You block the orc's attack.
The orc priest hits you but does no damage.
The orc warrior unwields a +0 arbalest.
The orc warrior wields a +0 battleaxe.
The orc warrior hits you but does no damage.
You hit the orc warrior but do no damage.
You barely miss the orc. You hit the orc priest.
The orc priest calls down the wrath of Beogh upon you.
Beogh smites you!
You die...

#### ##...........#
#..# ##.............
#.## #...<..........
#.# #..............
#.# #.............#
#.# #............#
##.### #....oo.$...#
#....## #....@.....#
#.....# ##..o.....##
#.....## ##.......#
#.##...## ###....##
##.##....## #.....#
##.###....#
###....##
.#.####..####......#
......######.......#
..##......#.......##


You could see an orc warrior, an orc priest and an orc.

Vanquished Creatures
  Pikel (D:5)
  Grinder (D:4)
  Sigmund (D:2)
  Eustachio (D:4)
  A black bear (D:3)
  2 ogres
  A phantom (D:5)
  A bullfrog (D:5)
  4 scorpions
  A howler monkey (D:5)
  6 hounds
  Crazy Yiuf (D:4)
  2 gnoll boudas
  A sleepcap (D:5)
  Jessica (D:3)
  Natasha (thrice) (D:2)
  Ijyb (D:3)
  Terence (D:2)
  10 gnolls
  3 adders
  A white imp (D:5)
  3 worms
  3 dart slugs
  10 orcs
  6 endoplasms
  4 giant cockroaches
  8 goblins
  7 hobgoblins
  3 quokkas
  9 ball pythons
  10 bats
  6 frilled lizards
  7 kobolds
  7 rats
  A spectral goblin (D:3)
128 creatures vanquished.

Vanquished Creatures (others)
  A wizard (D:5)
  3 fungi (D:4)
4 creatures vanquished.

Grand Total: 132 creatures vanquished

Notes
Turn   | Place    | Note
-------+----------+-------------------------------------------
     0 | D:1      | Dorkslayer the Gargoyle Fighter began the quest for the
                  | Orb.
     0 | D:1      | Reached XP level 1. HP: 14/14 MP: 1/1
   286 | D:1      | Reached XP level 2. HP: 19/19 MP: 2/2
   634 | D:1      | Reached skill level 2 in Axes
   755 | D:2      | Reached XP level 3. HP: 20/23 MP: 3/3
   928 | D:2      | Noticed Sigmund
   932 | D:2      | Killed Sigmund
   933 | D:2      | Reached skill level 3 in Axes
   933 | D:2      | Reached skill level 1 in Dodging
   933 | D:2      | Reached XP level 4. HP: 29/29 MP: 4/4
   933 | D:2      | Reached XP level 5. HP: 33/33 MP: 5/5
   942 | D:2      | Noticed Natasha
   944 | D:2      | Killed Natasha
   945 | D:2      | Reached XP level 6. HP: 38/38 MP: 6/6
  1018 | D:2      | Noticed Natasha
  1033 | D:2      | Killed Natasha
  1037 | D:2      | Noticed Natasha
  1049 | D:2      | Killed Natasha
  1050 | D:2      | Reached skill level 4 in Axes
  1218 | D:2      | Identified the +0 dagger "Laud" {drain, rC- Will+ Int+2}
  1281 | D:2      | Noticed Terence
  1289 | D:2      | Killed Terence
  1745 | D:3      | Noticed a black bear
  1766 | D:3      | Killed a black bear
  1767 | D:3      | Reached XP level 7. HP: 27/43 MP: 7/7
  1876 | D:3      | Found a hide-covered altar of Uskayaw.
  2071 | D:3      | Noticed Ijyb
  2071 | D:3      | Paralysed by Ijyb for 4 turns
  2084 | D:3      | Paralysed by Ijyb for 5 turns
  2089 | D:3      | Killed Ijyb
  2230 | D:3      | Noticed Dorkslayer's ghost (amateur GrFi)
  2243 | D:3      | Found a transporter.
  2320 | D:3      | Noticed Jessica
  2330 | D:3      | Killed Jessica
  2331 | D:3      | Reached skill level 5 in Axes
  2447 | D:3      | Found a faded altar of an unknown god.
  2594 | D:3      | Found a transporter.
  2756 | D:4      | Reached skill level 5 in Armour
  2756 | D:4      | Reached skill level 1 in Evocations
  3122 | D:4      | Noticed Eustachio
  3144 | D:4      | Killed Eustachio
  3145 | D:4      | Reached skill level 1 in Stealth
  3145 | D:4      | Reached XP level 8. HP: 46/48 MP: 8/8
  3249 | D:4      | Noticed Grinder
  3272 | D:4      | Killed Grinder
  3287 | D:4      | Found a runed translucent door.
  3288 | D:4      | Noticed Crazy Yiuf
  3808 | D:4      | Found a sparkling altar of Nemelex Xobeh.
  3829 | D:4      | Reached skill level 6 in Axes
  3993 | D:4      | Killed Crazy Yiuf
  3994 | D:4      | Reached skill level 5 in Fighting
  4114 | D:5      | Entered Level 5 of the Dungeon
  4194 | D:5      | Found a snail-covered altar of Cheibriados.
  4311 | D:5      | Noticed Pikel
  4318 | D:5      | Killed Pikel
  4319 | D:5      | Reached XP level 9. HP: 49/54 MP: 9/9
  4548 | D:5      | Reached skill level 7 in Axes
  4674 | D:5      | Found a bloodstained altar of Trog.
  4675 | D:5      | Noticed a wizard
  4680 | D:5      | Killed a wizard
  5117 | D:6      | Killed from afar by an orc priest

Illustrated notes

Levels and vault maps discovered:
D:1:      lightli_arrival_boilingwater, layout_basic
D:2:      layout_basic, uniq_sigmund, uniq_natasha, uniq_terence
D:3:      layout_loops_ring, mainiacjoe_overflow_alcove_1,
          gammafunk_ghost_smash, dreamdust_ecumenical_altar_drowned_temple,
          minmay_fractal_squares_gapless_5, uniq_ijyb, uniq_jessica
D:4:      layout_layer_cave, nemelex_diamond_rough_becter,
          uniq_crazy_yiuf_cottage, uniq_grinder, uniq_eustachio
D:5:      layout_loops_ring, cheibrodos_worm_habitat, trog_wizard,
          roderic_lattice_a, uniq_pikel
D:6:      layout_cave_pods, kennysheep_boxes

Skill      XL: |  1  2  3  4  5  6  7  8  9 |
---------------+----------------------------+-----
Axes           | 2 3 4 5 6 7 |  7.2
Fighting       | 4 5 |  5.5
Armour         | 4 5 6 |  6.1
Dodging        | 1 2 |  2.5
Shields        | 4 |  4.8
Evocations     | 1 3 |  3.7
Stealth        | 1 3 |  3.5

Action                     |  1- 3 |  4- 6 |  7- 9 || total
---------------------------+-------+-------+-------++-------
  Melee: War axe           |    80 |    99 |   319 ||   498
  Throw: Boomerang         |       |       |     1 ||     1
  Evoke: Wand              |       |       |    15 ||    15
    Use: Potion            |     1 |       |     1 ||     2
         Scroll            |       |     3 |     7 ||    10
   Stab: Paralysed         |       |       |    12 ||    12
 Armour: Chain mail        |    83 |    89 |    99 ||   271
         Plate armour      |       |       |   168 ||   168
  Dodge: Dodged            |    49 |    54 |   125 ||   228
  Block: Buckler           |    11 |    36 |    77 ||   124

Table legend: (Time is in decaauts)
 A = Elapsed time spent in this place.
 B = Non-inter-level travel time spent in this place.
 C = Inter-level travel time spent in this place.
 D = Time resting spent in this place.
 E = Time spent auto-exploring this place.
 F = Levels seen in this place.
 G = Mean time per level.
                   A        B        C        D        E       F      G
               +--------+--------+--------+--------+--------+-----+--------+
         Total |   5267 |   5267 |      0 |      6 |   2936 |   6 |  877.8 |
       Dungeon |   5267 |   5267 |      0 |      6 |   2936 |   6 |  877.8 |
               +--------+--------+--------+--------+--------+-----+--------+

Top non-repeatable levels by time:
     D:4: 1526 daAuts
     D:3: 1019 daAuts
     D:2: 960 daAuts
     D:5: 882 daAuts
     D:1: 730 daAuts
     D:6: 148 daAuts
